 Dungeon Crawl Stone Soup version bcrawl-1.34.4 (webtiles) character file.

Game seed: 7655579535439505977

391751 KristoblXynda the Carver (level 12, -17/101 HPs)
             Began as a Pale Draconian Gladiator on Oct 21, 2021.
             Was an Elder of Vehumet.
             Demolished by pheathergobbo575's ghost (20 damage)
             ... on level 10 of the Dungeon.
             The game lasted 00:21:14 (13217 turns).

KristoblXynda the Carver (DrGl)                    Turns: 13217, Time: 00:21:14

Health: -17/101    AC: 12    Str: 17    XL:     12   Next: 35%
Magic:  23/23      EV: 16    Int: 26    God:    Vehumet [****..]
Gold:   664        SH:  8    Dex: 13    Spells: 13/26 levels left

rFire    . . .     SeeInvis .   z - +5 scimitar (flame)
rCold    . . .     Gourm    .   h - +0 buckler
rNeg     . . .     Faith    .   (armour unavailable)
rPois    .         Spirit   .   b - +1 hat
rElec    .         Reflect  .   E - +0 cloak
rCorr    .         Harm     .   (no gloves)
MR       .....                  s - +1 pair of boots
Stlth    +.........             (no amulet)
HPRegen  0.26/turn              g - +6 ring of intelligence
MPRegen  0.18/turn              x - +7 ring of intelligence

@: about to teleport, short of breath
A: breathe steam, unfitting armour, cold-blooded, AC +8
a: Breathe Steam, Renounce Religion


You were on level 10 of the Dungeon.
You worshipped Vehumet.
Vehumet was greatly pleased with you.
You were not hungry.

You visited 2 branches of the dungeon, and saw 12 of its levels.

You collected 794 gold pieces.
You spent 130 gold pieces at shops.

Inventory:

Hand Weapons
 z - a +5 scimitar of flaming (weapon)
Missiles
 c - 7 throwing nets (quivered) {=f}
Armour
 b - a +1 hat (worn)
 h - a +0 buckler (worn)
 s - a +1 pair of boots (worn)
 E - a +0 cloak (worn)
Magical Staves
 D - an uncursed staff of wizardry
Jewellery
 g - a +6 ring of intelligence (left hand)
 v - an uncursed ring of poison resistance
 x - a +7 ring of intelligence (right hand)
 y - an uncursed ring of insulation
Wands
 k - a wand of disintegration (10)
 l - a wand of acid (5)
Scrolls
 a - a scroll of enchant armour
 d - a scroll of immolation
 i - 3 scrolls of identify
 m - 4 scrolls of teleportation
 o - 2 scrolls of fog
 q - 5 scrolls of fear
 r - a scroll of amnesia
 w - 2 scrolls of magic mapping
 C - 2 scrolls of remove curse
Potions
 f - 3 potions of curing
 j - 2 potions of might
 n - a potion of brilliance
 t - 2 potions of haste
 u - 3 potions of mutation
 A - 3 potions of agility
Comestibles
 e - 20 rations {!d}


   Skills:
 - Level 8.0 Fighting
 - Level 10.0 Long Blades
 - Level 2.0 Throwing
 + Level 9.3 Dodging
 - Level 4.0 Shields
 + Level 7.6 Spellcasting
 + Level 6.3 Conjurations
 + Level 4.5 Necromancy
 + Level 7.6 Fire Magic


You had 13 spell levels left.
You knew the following spells:

 Your Spells              Type           Power        Failure   Level  Hunger
a - Bolt of Draining      Conj/Necr      #####.....   10%         5    #####..
b - Dispel Undead         Necr           ####....     43%         5    #####..
c - Conjure Flame         Conj/Fire      #####...     1%          3    None

Your spell library contained the following spells:

 Spells                   Type           Power        Failure   Level  Hunger
 Animate Skeleton         Necr           N/A          1%          1    None
 Pain                     Necr           ####..       1%          1    None
 Vampiric Draining        Necr           ####......   5%          3    None
 Agony                    Necr           ####....     17%         4    ###....
 Animate Dead             Necr           N/A          17%         4    ###....


Dungeon Overview and Level Annotations

Branches:
Dungeon (11/12)            Temple (1/1) D:5            Lair (0/6) D:9
    Orc (0/1) D:10
 Vaults: D:11-12

Altars:
Ashenzari
Cheibriados
Dithmenos
Elyvilon
Fedhas
Gozag
Hepliaklqana
Kikubaaqudgha
Lugonu
Makhleb
Nemelex Xobeh
Okawaru
Qazlal
Ru
Sif Muna
Trog
Uskayaw
Vehumet
Wu Jian
Xom
Yredelemnul
Zin
The Shining One

Shops:
D:4 !

Annotations:
D:10 pheathergobbo575's ghost, journeyman MfGl


Innate Abilities, Weirdness & Mutations

You can breathe blasts of scalding, opaque steam.
Your pale cyan-grey scales are hard. (AC +8)
You cannot fit into any form of body armour.
You are cold-blooded and may be slowed by cold attacks.


Message History

Pheathergobbo575's ghost closely misses you.
No path to travel!
You slash pheathergobbo575's ghost! You burn pheathergobbo575's ghost.
Your tail-slap misses pheathergobbo575's ghost.
Pheathergobbo575's ghost is moderately damaged.
Pheathergobbo575's ghost hits you!!
* * * LOW HITPOINT WARNING * * *
You barely miss pheathergobbo575's ghost.
Pheathergobbo575's ghost is moderately damaged.
Pheathergobbo575's ghost misses you.
No path to travel!
There is a stone staircase leading up here.
Pheathergobbo575's ghost hits you.
* * * LOW HITPOINT WARNING * * *
A rune on the stairs sparks and fizzles.
You climb upwards.
There is a stone staircase leading down here.
As you read the scroll of teleportation, it crumbles to dust.
You feel strangely unstable. Pheathergobbo575's ghost hits you!!
You die...

#.###########.#########.....
#.# #.............รท....
#.########............####.(
#.....................#....8
#..............########.....
#.###########..# #..... #.#
#..########.....
#.###########...............
#..........@................
#.........W#########...8...>
#.#######..# #)#..)... #)#
#..# #.#...... #)# #..#
#.##..... #)# #..# #.##.....
#.#######..#########..#.....
#.....................#....8
#)..........########..####..


You could see pheathergobbo575's ghost.

Vanquished Creatures
  Harold (D:9)
  A centaur warrior (D:10)
  2 two-headed ogres
  A sixfirhy (D:9)
  4 skeletal warriors (D:10)
  An unseen horror (D:10)
  Pikel (D:7)
  A wolf spider (shapeshifter) (D:10)
  An ugly thing (D:9)
  2 manticores (D:10)
  2 centaur skeletons
  2 efreet
  A freezing wraith (D:9)
  4 trolls
  A slime creature (D:10)
  2 hippogriffs
  A wraith (D:10)
  A human (D:7)
  11 yaks
  2 hogs (D:7)
  Eustachio (D:4)
  A steam dragon (D:10)
  The ghost of Morbidden the Ducker, an amateur DsAc (D:3)
  2 hungry ghosts (D:10)
  3 wargs (D:9)
  3 crocodiles
  Duvessa (D:7)
  4 orc warriors
  A black bear (D:6)
  A slave (D:7)
  An ice beast (D:9)
  2 sky beasts
  A necrophage (D:9)
  A soldier ant (D:9)
  5 centaurs
  5 ogres
  2 phantoms
  7 bullfrogs
  2 big kobolds
  Blork the orc (D:5)
  Dowan (D:7)
  3 troll zombies (D:10)
  5 wights (D:8)
  6 killer bees (D:8)
  5 orc priests
  An electric eel (D:6)
  A howler monkey (D:4)
  4 bullfrog zombies (D:6)
  3 crimson imps
  4 centaur zombies (D:6)
  A quasit (D:7)
  4 bullfrog skeletons
  2 jellies
  14 orc wizards
  3 iguanas
  7 worker ants
  A killer bee zombie (D:7)
  5 ogre zombies (D:10)
  A hound zombie (D:6)
  4 worker ant zombies
  A gnoll (D:4)
  11 adders
  A howler monkey skeleton (D:3)
  A shadow imp (D:9)
  An ooze (D:2)
  An adder zombie (D:8)
  2 adder skeletons
  3 worms
  A dart slug (D:2)
  7 leopard geckos
  33 orcs
  A giant cockroach (D:2)
  3 goblins
  8 hobgoblins
  14 jackals
  4 quokkas
  7 bats
  4 frilled lizards
  2 goblin skeletons (D:10)
  2 goblin zombies (D:10)
  2 hobgoblin skeletons (D:10)
  A hobgoblin zombie (D:10)
  A jackal skeleton (D:4)
  13 kobolds
  3 orc skeletons (D:10)
  14 orc zombies (D:10)
  A quokka zombie (D:6)
  3 rats
307 creatures vanquished.

Vanquished Creatures (others)
  2 slaves (D:7)
  A hound (D:7)
  2 worker ants
  A shadow imp (D:7)
  A leopard gecko (D:6)
  A kobold (D:7)
  An orc zombie (D:10)
9 creatures vanquished.

Grand Total: 316 creatures vanquished

Notes
Turn   | Place    | Note
-------+----------+-------------------------------------------
     0 | D:1      | KristoblXynda the Draconian Gladiator began the quest for
                  | the Orb.
     0 | D:1      | Reached XP level 1. HP: 19/19 MP: 1/1
   214 | D:1      | Reached XP level 2. HP: 26/26 MP: 2/2
   939 | D:2      | Reached XP level 3. HP: 10/31 MP: 3/3
  1207 | D:2      | Found a glowing golden altar of the Shining One.
  1403 | D:2      | Found a faded altar of an unknown god.
  1837 | D:3      | Reached XP level 4. HP: 40/40 MP: 4/4
  1844 | D:3      | Reached skill level 4 in Long Blades
  2126 | D:3      | Reached skill level 1 in Shields
  2126 | D:3      | Reached XP level 5. HP: 39/46 MP: 5/5
  2233 | D:3      | Found a runed translucent gate.
  2233 | D:3      | Found a runed translucent gate.
  2233 | D:3      | Found a runed translucent gate.
  2235 | D:3      | Noticed Morbidden's ghost (amateur DsAc)
  2562 | D:3      | Killed Morbidden's ghost
  2563 | D:3      | Reached XP level 6. HP: 38/53 MP: 6/6
  2565 | D:3      | Reached skill level 5 in Long Blades
  2890 | D:4      | Found Vynlawong's Distillery.
  2940 | D:4      | Reached skill level 5 in Fighting
  2940 | D:4      | Your scales start taking on a pale cyan-grey colour.
  2940 | D:4      | Reached XP level 7. HP: 30/61 MP: 7/7
  3061 | D:4      | Bought a potion of haste for 130 gold pieces
  3077 | D:4      | Noticed Eustachio
  3095 | D:4      | Killed Eustachio
  3096 | D:4      | Reached skill level 6 in Long Blades
  3479 | D:4      | Reached XP level 8. HP: 43/70 MP: 8/8
  4024 | D:4      | Reached skill level 7 in Long Blades
  4275 | D:5      | Entered Level 5 of the Dungeon
  4375 | D:5      | Found a staircase to the Ecumenical Temple.
  4375 | D:5      | Noticed Blork the orc
  4388 | D:5      | Killed Blork the orc
  4389 | D:5      | Reached skill level 5 in Dodging
  4418 | Temple   | Entered the Ecumenical Temple
  4463 | Temple   | Became a worshipper of Vehumet
  5252 | D:6      | Reached skill level 1 in Spellcasting
  5463 | D:6      | Reached XP level 9. HP: 78/78 MP: 10/12
  5719 | D:6      | Reached skill level 8 in Long Blades
  5939 | D:6      | Found an ornate altar of the Wu Jian Council.
  6314 | D:7      | Noticed Duvessa
  6314 | D:7      | Noticed Dowan
  6330 | D:7      | Killed Duvessa
  6331 | D:7      | Killed Dowan
  6399 | D:7      | Noticed Pikel
  6414 | D:7      | Reached * piety under Vehumet
  6414 | D:7      | Offered knowledge of Flame Tongue by Vehumet.
  6436 | D:7      | Killed Pikel
  6512 | D:7      | Learned a level 1 spell: Flame Tongue
  6729 | D:7      | Reached skill level 1 in Fire Magic
  6733 | D:7      | Reached XP level 10. HP: 67/88 MP: 16/16
  6740 | D:7      | Reached skill level 9 in Long Blades
  6904 | D:7      | Found a blossoming altar of Fedhas.
  6933 | D:7      | Learned a level 5 spell: Dispel Undead
  7545 | D:8      | Identified a scroll of acquirement
  7545 | D:8      | Identified the -2 cloak of the Postmodern Songs {rElec rN+
                  | Str+8 Int-5} (You acquired it on level 8 of the Dungeon)
  7545 | D:8      | Identified the ring of Waoc Movuf {rElec rF+} (You acquired
                  | it on level 8 of the Dungeon)
  7806 | D:8      | Reached ** piety under Vehumet
  7815 | D:8      | Offered knowledge of Searing Ray by Vehumet.
  7816 | D:8      | Reached skill level 1 in Conjurations
  7886 | D:8      | Reached skill level 5 in Spellcasting
  8819 | D:9      | Noticed a two-headed ogre
  8827 | D:9      | Killed a two-headed ogre
  8890 | D:9      | Offered knowledge of Conjure Flame by Vehumet.
  9005 | D:9      | Learned a level 3 spell: Conjure Flame
  9063 | D:9      | Reached *** piety under Vehumet
  9090 | D:9      | Found a glowing silver altar of Zin.
  9233 | D:9      | Found a shimmering blue altar of Sif Muna.
  9234 | D:9      | Found a corrupted altar of Lugonu.
  9329 | D:9      | Noticed a green ugly thing
  9336 | D:9      | Killed a green ugly thing
  9337 | D:9      | Reached XP level 11. HP: 90/94 MP: 19/19
  9338 | D:9      | Got a glittering golden ring
  9340 | D:9      | Identified the cursed ring of the Cockatrice {Dex+4
                  | Stlth--} (You found it on level 9 of the Dungeon)
  9368 | D:9      | Found a runed door.
  9370 | D:9      | Noticed a sixfirhy
  9487 | D:9      | Found a staircase to the Lair.
  9488 | D:9      | Noticed Harold
  9495 | D:9      | Reached skill level 5 in Fire Magic
  9787 | D:9      | Offered knowledge of Airstrike by Vehumet.
  9801 | D:9      | Killed Harold
  9802 | D:9      | Reached skill level 10 in Long Blades
  9947 | D:9      | Found a faded altar of an unknown god.
  9947 | D:9      | Found a glowing silver altar of Zin.
  9955 | D:9      | Found a faded altar of an unknown god.
  9961 | D:9      | Found a snail-covered altar of Cheibriados.
  9963 | D:9      | Found a shattered altar of Ashenzari.
 10394 | D:10     | Entered Level 10 of the Dungeon
 10439 | D:10     | Noticed a centaur warrior
 10453 | D:10     | Killed a centaur warrior
 10454 | D:10     | Reached skill level 1 in Necromancy
 10540 | D:9      | Killed a sixfirhy
 10695 | D:10     | Killed an unseen horror
 11005 | D:10     | Noticed a skeletal warrior
 11025 | D:10     | Killed a skeletal warrior
 11104 | D:10     | Found a staircase to the Orcish Mines.
 11132 | D:10     | Reached skill level 5 in Conjurations
 11134 | D:10     | Reached **** piety under Vehumet
 11201 | D:10     | Offered knowledge of Bolt of Draining by Vehumet.
 11213 | D:10     | Learned a level 5 spell: Bolt of Draining
 11798 | D:10     | Noticed a skeletal warrior
 11820 | D:10     | Killed a skeletal warrior
 11978 | D:10     | Noticed a skeletal warrior
 11980 | D:10     | Noticed a skeletal warrior
 12007 | D:10     | Killed a skeletal warrior
 12015 | D:10     | Killed a skeletal warrior
 12016 | D:10     | Reached XP level 12. HP: 26/101 MP: 19/22
 12645 | D:10     | Noticed a two-headed ogre
 12649 | D:10     | Killed a two-headed ogre
 13065 | D:11     | Found a runed translucent door.
 13065 | D:11     | Noticed pheathergobbo575's ghost (journeyman MfGl)
 13215 | D:11     | HP: 2/101 [pheathergobbo575's ghost (5)]
 13217 | D:10     | Demolished by pheathergobbo575's ghost

Skill      XL: |  1  2  3  4  5  6  7  8  9 10 11 12 |
---------------+-------------------------------------+-----
Throwing       | 2 |  2.0
Dodging        | 3 4 5 6 7 9 |  9.3
Fighting       | 4 5 6 8 |  8.0
Long Blades    | 4 5 6 7 8 9 10 | 10.0
Shields        | 1 2 3 4 |  4.0
Spellcasting   | 2 4 5 7 |  7.6
Fire Magic     | 1 4 7 |  7.6
Conjurations   | 3 5 6 |  6.3
Necromancy     | 3 4 |  4.5

Action                   |  1- 3 |  4- 6 |  7- 9 | 10-12 || total
-------------------------+-------+-------+-------+-------++-------
Melee: Long sword        |   118 |    90 |       |       ||   208
       Tailslap          |    15 |    11 |    46 |    93 ||   165
       Scimitar          |       |    40 |   370 |   619 ||  1029
 Cast: Flame Tongue      |       |       |       |     8 ||     8
       Conjure Flame     |       |       |       |     9 ||     9
 Abil: Breathe Steam     |       |       |    17 |    32 ||    49
  Use: Scroll            |       |     4 |    10 |    16 ||    30
       Potion            |       |     2 |       |     3 ||     5
 Stab: Sleeping          |     2 |     1 |       |     1 ||     4
       Distracted        |       |       |       |     1 ||     1
  Eat: Chunk             |     6 |     3 |    21 |    25 ||    55
       Ration            |       |     1 |     1 |     5 ||     7
Armor: Skin              |    37 |    36 |   122 |   136 ||   331
Dodge: Dodged            |    71 |    84 |   255 |   373 ||   783
Block: Other             |     1 |       |       |       ||     1
       Buckler           |       |    12 |   130 |   272 ||   414
